 Dungeon Crawl Stone Soup version 0.27-a0-1559-g299f9947c5 (webtiles) character file.

Game seed: 14099531702982266930

959 CrawlingIntestines the Skirmisher (level 7, -3/56 HPs)
             Began as a Demonspawn Wanderer on July 16, 2021.
             Was a Plaything of Xom.
             Slain by an ice beast (10 damage)
             ... on level 5 of the Dungeon.
             The game lasted 00:28:13 (5828 turns).

CrawlingIntestines the Skirmisher (DsWn)            Turns: 5828, Time: 00:28:15

Health: -3/56      AC:  7    Str: 13 (14) XL:     7   Next: 92%
Magic:  8/8        EV: 11    Int: 14 (15) God:    Xom [..*...]
Gold:   540        SH:  4    Dex: 12 (13) Spells: 7/8 levels left

rFire    . . .     SeeInvis .   s - +2 dagger
rCold    . . .     Faith    .   (no shield)
rNeg     . . .     Spirit   .   h - +2 ring mail {rPois}
rPois    +         Reflect  .   (helmet restricted)
rElec    .         Harm     .   (no cloak)
rCorr    .         Rampage  .   (no gloves)
Will     .....                  (no boots)
Stlth    +.........             (no amulet)
HPRegen  0.18/turn              (no ring)
MPRegen  0.11/turn              (no ring)

@: on berserk cooldown, slowed, very slow
A: antennae 1, claws 2, talons 1, condensation shield, clever 1
a: Renounce Religion


You were on level 5 of the Dungeon.
You worshipped Xom.
You were a toy of Xom.
You visited 1 branch of the dungeon, and saw 5 of its levels.

You collected 974 gold pieces.
You spent 434 gold pieces at shops.

Inventory:

Hand Weapons
 a - a +0 broad axe
 b - a +1 battleaxe of electrocution
 s - a +2 dagger (weapon)
 t - a +0 hunting sling
Missiles
 l - 20 sling bullets
Armour
 h - a +2 ring mail of poison resistance (worn)
Magical Staves
 p - a staff of fire
Wands
 u - a wand of iceblast (12)
Scrolls
 c - 2 scrolls of fear
 j - a scroll of teleportation {unknown}
 q - a scroll of fog {unknown}
Potions
 m - a potion of mutation {unknown}
 n - a potion of flight {unknown}
 r - a potion of degeneration


   Skills:
 + Level 5.1 Fighting
 - Level 1.7 Short Blades
 + Level 3.0 Axes
 - Level 1.0 Throwing
 + Level 4.2 Dodging
 - Level 1.7 Stealth
 - Level 1.0 Spellcasting
 - Level 1.0 Conjurations
 - Level 1.0 Summonings
 + Level 5.0 Necromancy


You had 7 spell levels left.
You knew the following spells:

 Your Spells              Type           Power      Damage    Failure   Level
a - Pain                  Necr           56%        1d6       7%          1

Your spell library contained the following spells:

 Spells                   Type           Power      Damage    Failure   Level
 Vampiric Draining        Necr           7%         2d7       22%         3
 Sandblast                Erth           0%         2d4       50%         1
 Stone Arrow              Conj/Erth      4%         3d7       80%         3
 Ozocubu's Armour         Ice            0%         N/A       86%         3
 Metabolic Englaciation   Hex/Ice        0%         N/A       100%        5
 Simulacrum               Ice/Necr       3%         N/A       100%        6


Dungeon Overview and Level Annotations

Branches:
Dungeon (5/15)
 Temple: D:4-7

Altars:
Xom

Shops:
D:4 *

Annotations:
D:2 1 runed translucent door, Crazy Yiuf


Innate Abilities, Weirdness & Mutations

You have a pair of small antennae on your head.
You have very sharp fingernails.
You have sharp toenails.
A meltable shield of frost defends you. (SH +4)
Your mind is acute. (Int +2)


Message History

The ice beast hits you but does no damage.
You hit the ice beast but do no damage.
You claw the ice beast, but do no damage.
You block the water moccasin skeleton's attack.
The ice beast completely misses you. The water moccasin skeleton bites you.
You hit the ice beast but do no damage.
The ice beast hits you but does no damage.
The water moccasin skeleton bites you.
You hit the ice beast.
The ice beast is lightly wounded.
The water moccasin skeleton bites you.
The ice beast hits you but does no damage.
The water moccasin skeleton bites you.
* * * LOW HITPOINT WARNING * * *
The ice beast closely misses you.
It was a potion of magic.
Magic courses through your body.
The water moccasin skeleton bites you but does no damage.
The ice beast hits you.
* * * LOW HITPOINT WARNING * * *
The ice beast freezes you!
* * * LOW HITPOINT WARNING * * *
The water moccasin skeleton bites you but does no damage.
The ice beast hits you but does no damage.
The water moccasin skeleton bites you.
* * * LOW HITPOINT WARNING * * *
Okay, then.
As you read the scroll labelled REBYAPR RODD, it crumbles to dust.
It is a scroll of enchant weapon.
Your +0 battleaxe of electrocution glows red for a moment.
The water moccasin skeleton bites you but does no damage.
The ice beast misses you.
As you read the scroll labelled WISORPH AJEZUA, it crumbles to dust.
It is a scroll of identify.
c - 2 scrolls of fear The water moccasin skeleton bites you but does no damage.
The ice beast hits you.
* * * LOW HITPOINT WARNING * * *
The ice beast freezes you!
You die...
Xom is highly amused!

, * .. , , * * ,
,,,, #. ** , * * ,
,* *.# * .## ** *
#.* ,..#. ,* #.##
*#....** *,*
#..###..#* ,, * *
###.(....# * , *
**.###........# *
........@...# **,
* , ,..#.....YZ..#
, ,,
**.....[..)...###
* ,
*##....#)†##.....
*
#.....).#*..###,**
,* #.#.....##.##
**,, ,
#.##....#..# * ,
**,*#...$#.#* * ,
,....###)..# ** *


You could see an ice beast and a water moccasin skeleton.

Vanquished Creatures
  Eustachio (D:4)
  A water moccasin (D:5)
  A sky beast (D:4)
  A phantom (D:4)
  A scorpion (D:4)
  A centaur skeleton (D:5)
  3 hounds (D:4)
  A gnoll shaman (D:5)
  An orc priest (D:3)
  2 iguanas
  An orc wizard (D:4)
  A hound zombie (D:5)
  4 adders
  9 gnolls
  A worm (D:4)
  A dart slug (D:1)
  5 orcs
  4 endoplasms
  2 giant cockroaches
  6 hobgoblins
  7 jackals
  3 quokkas
  9 ball pythons
  7 bats
  8 goblins
  5 kobolds
  7 rats
93 creatures vanquished.

Vanquished Creatures (collateral kills)
  An orc wizard (D:3)
  A worm (D:3)
2 creatures vanquished.

Grand Total: 95 creatures vanquished

Notes
Turn   | Place    | Note
-------+----------+-------------------------------------------
     0 | D:1      | CrawlingIntestines the Demonspawn Wanderer began the quest
                  | for the Orb.
     0 | D:1      | CrawlingIntestines set off with the following items: a +2
                  | dagger, a potion of heal wounds, a +0 robe; and the
                  | following spells available to memorise: Pain, Sandblast,
                  | Stone Arrow, Vampiric Draining
     0 | D:1      | Reached XP level 1. HP: 16/16 MP: 2/2
     2 | D:1      | Learned a level 1 spell: Pain
   425 | D:1      | Reached skill level 1 in Necromancy
   425 | D:1      | Gained mutation: You have sharp fingernails. [demonic
                  | ancestry]
   425 | D:1      | Reached XP level 2. HP: 22/22 MP: 3/3
   545 | D:1      | Found a faded altar of an unknown god.
   550 | D:1      | Reached skill level 1 in Dodging
   582 | D:1      | Became a worshipper of Xom of Malicious Giggling
  1220 | D:2      | Gained mutation: You have very sharp fingernails. [demonic
                  | ancestry]
  1220 | D:2      | Reached XP level 3. HP: 28/28 MP: 4/4
  1234 | D:2      | XOM: divination: detect creatures
  1719 | D:2      | XOM: noise
  2010 | D:2      | XOM: noise
  2081 | D:2      | Found a runed translucent door.
  2082 | D:2      | Noticed Crazy Yiuf
  2099 | D:2      | XOM: 10-stop teleportation journey
  2110 | D:2      | XOM: god gift: 806 gold pieces
  2306 | D:2      | XOM: silly message
  2572 | D:3      | XOM: divination: detect items
  2657 | D:3      | Gained mutation: You have sharp toenails. [demonic
                  | ancestry]
  2657 | D:3      | Reached XP level 4. HP: 35/35 MP: 5/5
  2709 | D:3      | XOM: divination: detect creatures
  2732 | D:3      | XOM: confuse monster(s)
  2742 | D:3      | XOM: potion effect (heal wounds)
  2868 | D:3      | XOM: summons 2 friendly demons
  3175 | D:3      | XOM: 6-stop teleportation journey
  3276 | D:3      | XOM: 6-stop teleportation journey
  3514 | D:3      | Reached XP level 5. HP: 34/41 MP: 3/6
  3515 | D:3      | XOM: cast spell 'Summon Dragon'
  3767 | D:4      | XOM is BORED!
  3767 | D:4      | XOM: 5-stop teleportation journey
  3830 | D:4      | Noticed Eustachio
  3842 | D:4      | XOM: enchant monster (good)
  4046 | D:4      | Found Aguoxu's Mayhem Merchandise.
  4048 | D:4      | XOM: scenery: summon butterflies
  4056 | D:4      | Bought a +0 battleaxe of electrocution for 218 gold pieces
  4056 | D:4      | Bought a wand of iceblast (14) for 216 gold pieces
  4082 | D:4      | Noticed an ogre
  4121 | D:4      | Noticed a sky beast
  4121 | D:4      | an ogre changed into a sky beast
  4121 | D:4      | XOM: polymorph ogre -> sky beast
  4257 | D:4      | XOM: give mutation
  4257 | D:4      | Gained mutation: Your mind is acute. (Int +2) [Xom's grace]
  4367 | D:4      | XOM: summons 3 hostile demons
  4374 | D:4      | XOM: potion effect (haste)
  4387 | D:4      | Killed Eustachio
  4388 | D:4      | Reached skill level 1 in Axes
  4388 | D:4      | Gained mutation: You have a pair of small antennae on your
                  | head. [demonic ancestry]
  4388 | D:4      | Reached XP level 6. HP: 26/48 MP: 7/7
  4626 | D:4      | HP: 1/48 [sky beast (5)]
  4627 | D:4      | XOM: potion effect (haste)
  4628 | D:4      | Killed a sky beast
  4629 | D:4      | Gained mutation: A meltable shield of frost defends you.
                  | (SH +4) [demonic ancestry]
  4629 | D:4      | Reached XP level 7. HP: 1/55 MP: 8/8
  5175 | D:4      | XOM: silly message
  5339 | D:4      | XOM: silly message
  5617 | D:5      | Entered Level 5 of the Dungeon
  5710 | D:5      | XOM: potion effect (berserk rage)
  5711 | D:5      | XOM: potion effect (brilliance)
  5772 | D:5      | XOM: 1-stop teleportation journey
  5803 | D:5      | XOM: potion effect (berserk rage)
  5809 | D:5      | Reached skill level 5 in Fighting
  5810 | D:5      | XOM: divination: magic mapping
  5813 | D:5      | Reached skill level 5 in Necromancy
  5828 | D:5      | Slain by an ice beast

Illustrated notes

Levels and vault maps discovered:
D:1:      dpeg_arrival_tiny_a, layout_loops_corners,
          ebering_ecumenical_altar_abandoned, minmay_domino_2
D:2:      cheibrodos_helix_gallery, layout_rooms, kennysheep_small_spiral,
          uniq_crazy_yiuf_cottage
D:3:      layout_loops_ring
D:4:      layout_basic, minmay_shop_mayhem, uniq_eustachio
D:5:      layout_layer_cave

Skill      XL: |  1  2  3  4  5  6  7 |
---------------+----------------------+-----
Necromancy     | 1 2 3 4 5 |  5.0
Dodging        | 1 2 3 4 |  4.2
Fighting       | 3 4 5 |  5.1
Axes           | 1 3 |  3.0
Short Blades   | |  1.7
Throwing       | |  1.0
Stealth        | |  1.7
Spellcasting   | |  1.0
Conjurations   | |  1.0
Summonings     | |  1.0

Action                   |  1- 3 |  4- 6 |  7- 9 || total
-------------------------+-------+-------+-------++-------
Melee: Dagger            |   164 |    39 |     4 ||   207
       Kick              |       |    27 |    17 ||    44
       Battleaxe         |       |    51 |    19 ||    70
       Broad axe         |       |    11 |    53 ||    64
 Fire: Hunting sling     |       |    19 |       ||    19
 Cast: Pain              |     3 |    20 |       ||    23
Evoke: Wand              |       |     1 |     1 ||     2
  Use: Potion            |       |     3 |     4 ||     7
       Scroll            |       |       |     2 ||     2
 Stab: Sleeping          |     8 |       |       ||     8
Armor: Robe              |    17 |       |       ||    17
       Ring mail         |    44 |    54 |    66 ||   164
Dodge: Dodged            |    83 |   119 |    90 ||   292
Block: Other             |       |       |    18 ||    18

Table legend: (Time is in decaauts)
 A = Elapsed time spent in this place.
 B = Non-inter-level travel time spent in this place.
 C = Inter-level travel time spent in this place.
 D = Time resting spent in this place.
 E = Time spent auto-exploring this place.
 F = Levels seen in this place.
 G = Mean time per level.
                   A        B        C        D        E       F      G
               +--------+--------+--------+--------+--------+-----+--------+
         Total |   5880 |   5517 |    363 |   2030 |   1920 |   5 | 1176.0 |
       Dungeon |   5880 |   5517 |    363 |   2030 |   1920 |   5 | 1176.0 |
               +--------+--------+--------+--------+--------+-----+--------+

Top non-repeatable levels by time:
     D:1: 1531 daAuts
     D:4: 1500 daAuts
     D:3: 1430 daAuts
     D:2: 1178 daAuts
     D:5: 240 daAuts
